 Dungeon Crawl Stone Soup version 0.31.0-11-ge490571c62 (webtiles) character file.

Game seed: 10135488775442762796

809 Maffolandro the Cudgeller (level 7, -1/54 HPs)
             Began as a Human Wanderer on Feb 1, 2024.
             Was a Follower of Nemelex Xobeh.
             Succumbed to a gnoll sergeant's poison
             ... on level 5 of the Dungeon on Feb 5, 2024.
             The game lasted 00:21:14 (4638 turns).

Maffolandro the Cudgeller (Human Wanderer)          Turns: 4638, Time: 00:21:15

Health: -1/54      AC: 11    Str: 13    XL:     7   Next: 92%
Magic:  10/10      EV:  8    Int: 14    God:    Nemelex Xobeh [*.....]
Gold:   364        SH:  6    Dex: 15    Spells: 9/10 levels left

rFire   . . .        a - +4 flail
rCold   + . .        w - +2 buckler
rNeg    . . .        A - +0 scale mail
rPois   .            u - +2 helmet {Int+3}
rElec   .            (no cloak)
rCorr   .            b - +0 pair of gloves
SInv    .            C - +0 pair of boots
Will    .....        (no amulet) Stlth
                     D - ring of protection from cold
HPRegen 0.29/turn    (no ring)
MPRegen 0.12/turn

%: no passive effects
@: lethally poisoned (-1 -> -23), studying Spellcasting
A: explore regen
a: Renounce Religion, Draw Escape, Draw Destruction, Draw Summoning


You were on level 5 of the Dungeon.
You worshipped Nemelex Xobeh.
Nemelex Xobeh was aware of your devotion.
You visited 2 branches of the dungeon, and saw 6 of its levels.
You also visited: Sewer.

You collected 364 gold pieces.

Inventory:

Hand Weapons
 a - a +4 flail (weapon)
 m - a +0 rapier
Missiles
 h - 7 poisoned darts
 i - 5 throwing nets
 z - 4 javelins
Armour
 b - a +0 pair of gloves (worn)
 d - a +0 leather armour
 k - a +0 ring mail
 u - a +2 helmet of intelligence (worn)
 w - a +2 buckler (worn)
 A - a +0 scale mail (worn)
 C - a +0 pair of boots (worn)
Jewellery
 D - a ring of protection from cold (left hand)
Wands
 v - a wand of mindburst (8)
 E - a wand of polymorph (4)
Scrolls
 c - 4 scrolls of blinking
 f - 2 scrolls of teleportation {unknown}
 j - 5 scrolls of identify {unknown}
 l - a scroll of torment {unknown}
 n - a scroll of butterflies {unknown}
 o - a scroll of enchant weapon {unknown}
 r - a scroll of vulnerability {unknown}
 t - 3 scrolls of enchant armour {unknown}
 y - a scroll of amnesia {unknown}
 B - 3 scrolls of immolation {unknown}
Potions
 e - 2 potions of heal wounds {unknown}
 g - a potion of brilliance {unknown}
 p - a potion of invisibility {unknown}
 q - 2 potions of might {unknown}
 s - a potion of ambrosia {unknown}
 x - 2 potions of curing {unknown}
 F - 2 potions of degeneration {unknown}


   Skills:
 - Level 4.0 Fighting
 * Level 7.6 Maces & Flails
 - Level 1.0 Throwing
 - Level 1.0 Stealth
 - Level 2.0 Spellcasting
 - Level 3.0 Summonings
 - Level 1.0 Invocations


You had 9 spell levels left.
You knew the following spells:

 Your Spells              Type           Power      Damage    Failure   Level
a - Summon Small Mammal   Summ           36%        N/A       43%         1

Your spell library contained the following spells:

 Spells                   Type           Power      Damage    Failure   Level
 Anguish                  Hex/Necr       0%         N/A       100%        4
 Cause Fear               Hex            0%         N/A       100%        4
 Martyr's Knell           Necr/Summ      5%         N/A       100%        4
 Summon Lightning Spire   Summ/Air       5%         N/A       100%        4
 Enfeeble                 Hex            0%         N/A       100%        7


Dungeon Overview and Level Annotations

Branches:
Dungeon (5/15)             Temple (1/1) D:4           Sewer (visited)

Altars:
Elyvilon
Fedhas
Gozag
Hepliaklqana
Nemelex Xobeh
Okawaru
Qazlal
Sif Muna
Trog
Vehumet
Xom
The Shining One
Ignis

Shops:
D:4 *

Annotations:
D:3 3 runed translucent doors, Sigmund; Skimidon's ghost, amateur DsMo


Innate Abilities, Weirdness & Mutations

You regain HP and MP as you explore.


Message History

You feel very sick. The gnoll sergeant barely misses you.
The gnoll hits you from afar with a +0 spear.
You hit the gnoll sergeant.
The gnoll sergeant is heavily wounded.
You feel sick. The gnoll sergeant barely misses you.
The gnoll hits you from afar with a +0 spear!
Unknown command.
You hit the gnoll sergeant.
The gnoll sergeant is heavily wounded.
You feel sick.
The gnoll sergeant hits you with a +6 trident of venom.
The gnoll hits you but does no damage.
Unknown command.
You closely miss the gnoll sergeant.
The gnoll sergeant is heavily wounded.
You feel sick. You block the gnoll sergeant's attack.
The gnoll closely misses you.
Unknown command.
You hit the gnoll sergeant.
The gnoll sergeant is severely wounded.
You feel sick.
The gnoll sergeant hits you with a +6 trident of venom.
* * * LOW HITPOINT WARNING * * *
The gnoll closely misses you.
Unknown command.
You hit the gnoll sergeant.
The gnoll sergeant is severely wounded.
You feel sick.
The gnoll sergeant hits you with a +6 trident of venom.
* * * LOW HITPOINT WARNING * * *
You are more poisoned.
You block the gnoll's attack.
The gnoll sergeant hits you with a +6 trident of venom!
* * * LOW HITPOINT WARNING * * *
You are more poisoned.
You hit the gnoll sergeant.
The gnoll sergeant is almost dead.
You die...
Your body disappears without a glow.

.# #.#.[....g#######+#
#.#..# #.#+##...g..g.#.#
#..# #.# #.######.#.###.#
#.# #...............#
#.#.....#####.#.#####
#.#.....+.....#g####
#.##.#.....#######....#
#.##.########## #....#
#.##.......@..# ##g...##
#.###....###g## #......#
#.#.# #.......g####......#
#.#.# #.........)g'......#
#.#.###.......#####......#
#.#...'.......'.# #......#
####...###.......#.#
######## .......#
#####...#.# ###
.......###########.# #####
###..


You could see a gnoll sergeant and a gnoll.

Vanquished Creatures
  Grinder (D:5)
  An ogre (D:4)
  3 bullfrogs
  A howler monkey (D:4)
  A jelly (D:4)
  Robin (D:3)
  6 adders
  9 dart slugs
  2 ribbon worms (D:3)
  7 orcs
  19 ball pythons
  14 endoplasms
  7 giant cockroaches
  14 goblins
  16 hobgoblins
  6 jackals
  5 quokkas
  7 bats
  13 frilled lizards
  8 kobolds
  8 rats
149 creatures vanquished.

Vanquished Creatures (collateral kills)
  A goblin (D:2)
  2 hobgoblins (D:1)
  A quokka (D:2)
  A ball python (D:2)
  A frilled lizard (D:2)
6 creatures vanquished.

Grand Total: 155 creatures vanquished

Notes
Turn   | Place    | Note
-------+----------+-------------------------------------------
     0 | D:1      | Maffolandro the Human Wanderer began the quest for the Orb.
     0 | D:1      | Maffolandro set off with the following items: a +0 mace, a
                  | +0 pair of gloves, a scroll of blinking, a +0 leather
                  | armour; and the following spell memorised: Summon Small
                  | Mammal; and the following spells available to memorise:
                  | Martyr's Knell, Summon Lightning Spire.
     0 | D:1      | Reached XP level 1. HP: 15/15 MP: 3/3
   175 | D:1      | Reached XP level 2. HP: 16/22 MP: 0/5
   829 | D:2      | Found a faded altar of an unknown god.
   867 | D:2      | Reached XP level 3. HP: 28/29 MP: 1/6
  1213 | D:2      | You fall into a shaft and drop 1 floor!
  1329 | D:3      | Found a runed translucent gate.
  1329 | D:3      | Found a runed translucent gate.
  1332 | D:3      | Reached XP level 4. HP: 37/37 MP: 7/7
  1403 | D:3      | Found a runed translucent gate.
  1406 | D:3      | Noticed Skimidon's ghost (amateur DsMo)
  1559 | D:3      | Reached skill level 2 in Maces & Flails
  1580 | D:3      | Noticed Robin
  1700 | D:2      | Reached XP level 5. HP: 37/42 MP: 8/8
  2075 | D:3      | Killed Robin
  2140 | D:3      | Noticed Sigmund
  2771 | D:4      | Reached skill level 3 in Maces & Flails
  2786 | D:4      | Found a staircase to the Ecumenical Temple.
  2811 | Temple   | Entered the Ecumenical Temple
  2852 | Temple   | Became a worshipper of Nemelex Xobeh the Trickster
  2993 | D:4      | Reached skill level 4 in Maces & Flails
  3013 | D:4      | Found a glowing drain.
  3018 | Sewer    | Entered a sewer
  3054 | Sewer    | Reached XP level 6. HP: 48/48 MP: 9/9
  3270 | Sewer    | Reached skill level 5 in Maces & Flails
  3596 | D:4      | Reached XP level 7. HP: 48/54 MP: 10/10
  3693 | D:4      | Reached skill level 6 in Maces & Flails
  3792 | D:4      | Found Xuutteot's Fire Supplies.
  3950 | D:4      | Reached * piety under Nemelex Xobeh
  4216 | D:5      | Entered Level 5 of the Dungeon
  4378 | D:5      | Noticed Grinder
  4387 | D:5      | Paralysed by Grinder for 3 turns
  4396 | D:5      | Killed Grinder
  4397 | D:5      | Reached skill level 7 in Maces & Flails
  4638 | D:5      | Succumbed to a gnoll sergeant's poison

Illustrated notes

Levels and vault maps discovered:
D:1:      amcnicky_arrival_abandoned_market, layout_rooms
D:2:      layout_basic, nicolae_ecumenical_snake_handling
D:3:      layout_basic, gammafunk_ghost_split, minmay_strange_pillars,
          uniq_sigmund, uniq_robin
D:4:      layout_basic, minmay_temple_entry_overgrown, serial_forest,
          infiniplex_forest_lined_corner, infiniplex_forest_corner_1,
          infiniplex_forest_clump_double, infiniplex_forest_end_2,
          infiniplex_forest_end_2, infiniplex_forest_lined_room_2,
          infiniplex_forest_straight_2,
          mainiacjoe_sewer_entry_somewhere_in_here_1, nicolae_shop_fire_sale
          [nicolae_sub_dead_trees], minmay_manual_moon
D:5:      layout_basic, mainiacjoe_overflow_alcove_4, uniq_grinder
Temple:   pdpol_scorched_temple

Skill      XL: |  1  2  3  4  5  6  7 |
---------------+----------------------+-----
Fighting       | 2 3 4 |  4.0
Maces & Flails | 2 4 5 7 |  7.6
Throwing       | |  1.0
Stealth        | |  1.0
Spellcasting   | |  2.0
Summonings     | |  3.0
Invocations    | |  1.0

Action                     |  1- 3 |  4- 6 |  7- 9 || total
---------------------------+-------+-------+-------++-------
  Melee: Rapier            |    78 |       |       ||    78
         Mace              |     6 |       |       ||     6
         Flail             |     2 |   225 |   139 ||   366
  Throw: Dart              |       |       |     4 ||     4
   Cast: Summon Small Mamm |    21 |       |       ||    21
 Armour: Leather armour    |    18 |       |       ||    18
         Ring mail         |    54 |   182 |       ||   236
         Scale mail        |       |     2 |    49 ||    51
  Dodge: Dodged            |    65 |   147 |    22 ||   234
  Block: Buckler           |       |    66 |    17 ||    83
